 Dungeon Crawl Stone Soup version 0.16-a0-3943-gb4b81e6 (console) character file.

640 Fusha the Slasher (level 7, -4/49 HPs)
             Began as a High Elf Chaos Knight on Feb 8, 2015.
             Slain by Grinder (6 damage)
             ... while paralysed by Grinder
             ... on level 4 of the Dungeon.
             The game lasted 00:14:12 (3902 turns).

Fusha the Slasher (High Elf Chaos Knight)           Turns: 3902, Time: 00:14:12

Health: -4/49      AC:  7    Str: 13    XL:     7   Next: 26%
Magic:  13/13      EV:  2    Int: 20    God:    Xom [...*..]
Gold:   86         SH:  0    Dex: 15    Spells: 0 memorised, 6 levels left

rFire  . . .     SeeInvis .     a - +0 falchion (chaos)
rCold  . . .     Clarity  .     b - +2 leather armour
rNeg   . . .     SustAb   +     (no shield)
rPois  .         Gourm    .     t - +0 helmet
rElec  .         Spirit   .     (no cloak)
rCorr  .         Warding  .     r - +0 pair of gloves
rMut   .         Stasis   .     (no boots)
MR     .....                    (no amulet)
Stlth  ++........               x - ring of sustain abilities
                                d - +4 ring of intelligence

@: paralysed, very slightly contaminated, hasted, not resistant to hostile
enchantments, unstealthy
A: no striking features
a: Renounce Religion


You were on level 4 of the Dungeon.
You worshipped Xom.
You were a favourite toy of Xom.
You were not hungry.

You visited 1 branch of the dungeon, and saw 4 of its levels.

You collected 86 gold pieces.

Inventory:

Hand weapons
 a - a +0 falchion of chaos (weapon)
Missiles
 o - 15 poisoned needles
 q - 2 tomahawks (quivered)
Armour
 b - a +2 leather armour (worn)
 r - a +0 pair of gloves (worn)
 t - a +0 helmet (worn)
 u - a +0 leather armour of cold resistance
 y - a +0 ring mail
Jewellery
 d - a +4 ring of intelligence (left hand)
 n - an uncursed ring of wizardry
 x - a ring of sustain abilities (right hand)
Magical devices
 l - a wand of random effects (0)
 p - a wand of digging (10)
Scrolls
 e - a scroll of enchant armour {unknown}
 h - 4 scrolls of remove curse
 i - 2 scrolls of teleportation {unknown}
 k - a scroll of random uselessness {unknown}
 m - a scroll of fog {unknown}
 v - a scroll of magic mapping {unknown}
Potions
 g - a potion of haste
 j - a potion of resistance
 w - a potion of curing
Comestibles
 c - 3 bread rations
 s - 2 meat rations


   Skills:
 + Level 4.4 Fighting
 + Level 6.1 Long Blades
 + Level 1.2 Throwing
 + Level 2.6 Armour
 + Level 4.0 Dodging
 + Level 3.5 Stealth
 + Level 1.5 Evocations


You had 6 spell levels left.
You didn't know any spells.

Dungeon Overview and Level Annotations

Branches:
Dungeon (4/15)
 Temple: D:4-7

Altars:
Ashenzari
Elyvilon

Shops:
D:4 }

Annotations:
D:4 Blork the orc, Grinder


Message History

You suddenly lose the ability to move!
Your quasit barely misses Grinder.
Your quasit barely misses Grinder.
Your quasit completely misses Grinder.
Grinder hits you.
You writhe in agony.
Your quasit bites Grinder but does no damage.
Your quasit closely misses Grinder.
Your quasit claws Grinder but does no damage.
Grinder hits you!
* * * LOW HITPOINT WARNING * * *
You writhe in agony.
* * * LOW HITPOINT WARNING * * *
Your quasit bites Grinder but does no damage.
Your quasit barely misses Grinder.
Your quasit claws Grinder but does no damage.
Grinder hits you.
* * * LOW HITPOINT WARNING * * *
You writhe in agony.
* * * LOW HITPOINT WARNING * * *
Grinder hits you.
You die...
Xom giggles madly!

#. #..#.# #. #. ##.##.#
#.##.##..#..# .......##.###
#.....#⌠.⌠# ###)..#.∩.#
##...⌠.⌠## #.##....#
#@5..##.# #5..## .§. #####
#...# ###........ #...#
####### #...# # #...# # #
####### #...# ##
#.##.....###...# ######.
#.........##...########......


You could see Grinder and a friendly quasit.

Vanquished Creatures
  The ghost of Absynth the Magician, an experienced DsWn (D:4)
  A phantom (D:4)
  An ogre (D:4)
  A hound (D:3)
  Jessica (D:2)
  Terence (D:2)
  5 adders (D:2)
  A giant mite (D:4)
  A worm (D:3)
  A giant gecko (D:4)
  An ooze (D:2)
  10 orcs
  10 bats
  2 bat skeletons (D:4)
  9 goblins
  9 hobgoblins
  A jackal (D:3)
  12 kobolds
  2 giant cockroaches
  4 giant newts
  10 rats
  A bush (D:3)
85 creatures vanquished.

Notes
Turn   | Place    | Note
--------------------------------------------------------------
     0 | D:1      | Fusha, the High Elf Chaos Knight, began the quest for the Orb.
     0 | D:1      | Reached XP level 1. HP: 16/16 MP: 2/2
   146 | D:1      | XOM: potion effect (berserk rage)
   207 | D:1      | Reached XP level 2. HP: 21/21 MP: 3/3
   248 | D:1      | XOM: potion effect (heal wounds)
   251 | D:1      | Reached skill level 4 in Long Blades
   358 | D:1      | XOM: harmless Fire miscast
   375 | D:1      | XOM: 4-stop teleportation journey
   581 | D:1      | XOM: vitrification
   681 | D:2      | Reached skill level 1 in Armour
   681 | D:2      | Reached XP level 3. HP: 26/26 MP: 5/5
   866 | D:2      | Noticed Terence
   888 | D:2      | Killed Terence
   995 | D:2      | XOM: harmless Ice miscast
  1031 | D:2      | Reached XP level 4. HP: 20/33 MP: 7/7
  1103 | D:2      | XOM: silly message
  1259 | D:2      | Noticed Jessica
  1280 | D:2      | Killed Jessica
  1584 | D:2      | Found a white marble altar of Elyvilon.
  1845 | D:2      | Reached skill level 5 in Long Blades
  1949 | D:3      | Found a shattered altar of Ashenzari.
  2468 | D:3      | Reached XP level 5. HP: 24/37 MP: 8/8
  2620 | D:3      | XOM: harmless Summ miscast
  2672 | D:3      | XOM: silly message
  2874 | D:3      | XOM: colour smoke trail
  3068 | D:4      | Found Caobbeec's Gadget Shoppe.
  3122 | D:4      | Noticed Absynth's ghost (experienced DsWn)
  3128 | D:4      | Noticed an ogre
  3137 | D:4      | XOM: smoke on damage
  3139 | D:4      | XOM: potion effect (haste)
  3145 | D:4      | Killed an ogre
  3145 | D:4      | Reached skill level 1 in Stealth
  3145 | D:4      | Reached XP level 6. HP: 19/43 MP: 10/10
  3150 | D:4      | Killed Absynth's ghost
  3150 | D:4      | Reached skill level 6 in Long Blades
  3150 | D:4      | Reached skill level 1 in Throwing
  3150 | D:4      | Reached skill level 1 in Evocations
  3150 | D:4      | Reached XP level 7. HP: 12/49 MP: 11/13
  3178 | D:4      | Noticed a phantom
  3299 | D:4      | XOM: cast spell 'Discord'
  3546 | D:4      | Noticed Blork the orc
  3550 | D:4      | Killed a phantom
  3566 | D:4      | Noticed Grinder
  3569 | D:4      | XOM: summons friendly ufetubus
  3807 | D:4      | XOM: god gift: ring mail {god gift}
  3891 | D:4      | Paralysed by Grinder for 4 turns
  3894 | D:4      | XOM: summons friendly quasit
  3899 | D:4      | Paralysed by Grinder for 6 turns
  3901 | D:4      | HP: 2/49 [Grinder (5)]
  3902 | D:4      | Slain by Grinder

Action                   |  1- 3 |  4- 6 |  7- 9 || total
-------------------------+-------+-------+-------++-------
Melee: Falchion          |    91 |   191 |    61 ||   343
Throw: Tomahawk          |    11 |     8 |       ||    19
Evoke: Wand              |       |    13 |     2 ||    15
  Use: Scroll            |       |     1 |     4 ||     5
       Potion            |       |       |     2 ||     2
 Stab: Paralysed         |     2 |     7 |     5 ||    14
       Petrified         |     1 |       |       ||     1
       Sleeping          |       |     2 |       ||     2
       Confused          |       |     1 |       ||     1
  Eat: Pizza             |     1 |       |       ||     1
       Bread ration      |       |     1 |       ||     1
       Royal jelly       |       |     1 |       ||     1
       Meat ration       |       |       |     1 ||     1
